| TOP OF THE 1ST |
|
Atlanta (MID) Braves batting - Pitching for Hagerstown Suns : RHP Jayden Taylor
|
|
Pitching: RHP Jayden Taylor
|
|
|
Batting: RHB Costantino Dolfini
|
0-0: Foul Ball, location: 2F 0-1: Swinging Strike 0-2: Ball 1-2: Ball 2-2: Ball 3-2: DOUBLE (Flyball, 78XD, EV 92.5 MPH)
|
|
Batting: RHB George Provance
|
0-0: Swinging Strike 0-1: Fly out, F8 (Line Drive, 89D, EV 100.0 MPH) Runner from 2nd tags up, SAFE at 3rd, no throw by CF
|
|
Batting: LHB Ricardo Sandoval
|
0-0: Swinging Strike 0-1: Ball 1-1: Ball 2-1: Called Strike 2-2: Ball 3-2: DOUBLE (Line Drive, 8RXD, EV 101.9 MPH) Costantino Dolfini scores
|
|
Batting: LHB Tamaichi Sasada
|
0-0: Called Strike Ricardo Sandoval is caught stealing 3rd base 2-5 0-1: SOLO HOME RUN (Flyball, 89XD, EV 106.9 MPH), Distance : 401 ft
|
|
Batting: SHB Brett McEwen
|
0-0: Foul Ball, location: 2F 0-1: Swinging Strike 0-2: Strikes out swinging
|
| Top of the 1st over - 2 runs, 3 hits, 0 errors, 0 left on base; Atlanta (MID) 2 - Hagerstown 0 |
| BOTTOM OF THE 1ST |
|
Hagerstown Suns batting - Pitching for Atlanta (MID) Braves : RHP Jimmy Loudner
|
|
Pitching: RHP Jimmy Loudner
|
|
|
Batting: RHB Taffounnout Kame
|
0-0: Ball 1-0: Foul Ball, location: 2F 1-1: Ball 2-1: Foul Ball, location: 2F 2-2: Ball 3-2: Ground out 6-3 (Groundball, 6, EV 103.8 MPH)
|
|
Batting: RHB Xavier Reeves
|
0-0: Called Strike 0-1: Ball 1-1: Swinging Strike 1-2: Strikes out looking
|
|
Batting: RHB Leo Gutierrez
|
0-0: Ball 1-0: Fly out, F9 (Flyball, 89M, EV 90.6 MPH)
|
| Bottom of the 1st over - 0 runs, 0 hits, 0 errors, 0 left on base; Atlanta (MID) 2 - Hagerstown 0 |
| TOP OF THE 2ND |
|
Atlanta (MID) Braves batting - Pitching for Hagerstown Suns : RHP Jayden Taylor
|
|
Batting: RHB Josh McCormick
|
0-0: Called Strike 0-1: SINGLE (Line Drive, 78S, EV 102.5 MPH)
|
|
Batting: RHB Nick Holsinger
|
0-0: Ball 1-0: Fielders Choice at 2nd, 5-4 (Groundball, 56, EV 92.5 MPH)
|
|
Batting: RHB Adonis Jenifer
|
0-0: Foul Ball, location: 2F 0-1: Called Strike 0-2: Ball 1-2: Ball 2-2: Strikes out swinging
|
|
Batting: RHB Gabe Allen
|
0-0: Swinging Strike 0-1: Ball 1-1: Foul Ball, location: 2F 1-2: Ball Nick Holsinger is caught stealing 2nd base 2-4
|
| Top of the 2nd over - 0 runs, 1 hit, 0 errors, 0 left on base; Atlanta (MID) 2 - Hagerstown 0 |
| BOTTOM OF THE 2ND |
|
Hagerstown Suns batting - Pitching for Atlanta (MID) Braves : RHP Jimmy Loudner
|
|
Batting: LHB Mike Hamilton
|
0-0: Ball 1-0: Swinging Strike 1-1: Foul Ball, location: 2F 1-2: Strikes out swinging
|
|
Batting: RHB Luis Vargas
|
0-0: Foul Ball, location: 2F 0-1: Ground out 4-3 (Groundball, 4MS, EV 80.0 MPH)
|
|
Batting: RHB Aaron Bateman
|
0-0: Fly out, F6 (Popup, 6MD, EV 50.6 MPH)
|
| Bottom of the 2nd over - 0 runs, 0 hits, 0 errors, 0 left on base; Atlanta (MID) 2 - Hagerstown 0 |
| TOP OF THE 3RD |
|
Atlanta (MID) Braves batting - Pitching for Hagerstown Suns : RHP Jayden Taylor
|
|
Batting: RHB Gabe Allen
|
0-0: Foul Ball, location: 2F 0-1: Foul Ball, location: 2F 0-2: Strikes out swinging
|
|
Batting: RHB Costantino Dolfini
|
0-0: Ball 1-0: Foul Ball, location: 2F 1-1: Foul Ball, location: 2F 1-2: Foul Ball, location: 2F 1-2: Ball 2-2: Strikes out looking
|
|
Batting: RHB George Provance
|
0-0: Ball 1-0: SINGLE (Groundball, 25, EV 68.1 MPH) (infield hit)
|
|
Batting: LHB Ricardo Sandoval
|
0-0: Ball 1-0: Called Strike 1-1: Ground out 4-3 (Groundball, 3, EV 96.2 MPH)
|
| Top of the 3rd over - 0 runs, 1 hit, 0 errors, 1 left on base; Atlanta (MID) 2 - Hagerstown 0 |
| BOTTOM OF THE 3RD |
|
Hagerstown Suns batting - Pitching for Atlanta (MID) Braves : RHP Jimmy Loudner
|
|
Batting: RHB Alex Martinez
|
0-0: Called Strike 0-1: Ground out 3-1 (Groundball, 34, EV 90.0 MPH)
|
|
Batting: RHB Steve Kunselman
|
0-0: Ball 1-0: Ball 2-0: Foul Ball, location: 2F 2-1: Foul Ball, location: 2F 2-2: DOUBLE (Flyball, 89D, EV 101.9 MPH)
|
|
Batting: RHB Joe Simmelink
|
0-0: Ball 1-0: Ball 2-0: Called Strike 2-1: Foul Ball, location: 2F 2-2: Ball 3-2: Base on Balls
|
|
Batting: RHB Taffounnout Kame
|
0-0: Reached on error, E5 (Groundball, 5, EV 84.4 MPH) Steve Kunselman to third Joe Simmelink to second
|
|
Batting: RHB Xavier Reeves
|
0-0: Ball 1-0: Ball 2-0: Foul Ball, location: 2F 2-1: Ball 3-1: Fly out, F9 (Line Drive, 9, EV 103.8 MPH)
|
|
Batting: RHB Leo Gutierrez
|
0-0: Ball 1-0: Ground out 4-3 (Groundball, 4, EV 105.0 MPH)
|
| Bottom of the 3rd over - 0 runs, 1 hit, 1 error, 3 left on base; Atlanta (MID) 2 - Hagerstown 0 |
| TOP OF THE 4TH |
|
Atlanta (MID) Braves batting - Pitching for Hagerstown Suns : RHP Jayden Taylor
|
|
Batting: LHB Tamaichi Sasada
|
0-0: Ball 1-0: Ball 2-0: Called Strike 2-1: Ground out U3 (Groundball, 3S, EV 86.9 MPH)
|
|
Batting: SHB Brett McEwen
|
0-0: Ball 1-0: SOLO HOME RUN (Line Drive, 9D, EV 96.2 MPH), Distance : 374 ft
|
|
Batting: RHB Josh McCormick
|
0-0: Ball 1-0: Ball 2-0: Foul Ball, location: 2F 2-1: Called Strike 2-2: Foul Ball, location: 2F 2-2: Strikes out swinging
|
|
Batting: RHB Nick Holsinger
|
0-0: Ball 1-0: SINGLE (Line Drive, 89S, EV 108.1 MPH)
|
|
Batting: RHB Adonis Jenifer
|
0-0: Ground out 5-3 (Groundball, 56, EV 98.8 MPH)
|
| Top of the 4th over - 1 run, 2 hits, 0 errors, 1 left on base; Atlanta (MID) 3 - Hagerstown 0 |
| BOTTOM OF THE 4TH |
|
Hagerstown Suns batting - Pitching for Atlanta (MID) Braves : RHP Jimmy Loudner
|
|
Batting: LHB Mike Hamilton
|
0-0: Called Strike 0-1: Swinging Strike 0-2: Strikes out looking
|
|
Batting: RHB Luis Vargas
|
0-0: Called Strike 0-1: Swinging Strike 0-2: Ball 1-2: Strikes out looking
|
|
Batting: RHB Aaron Bateman
|
0-0: Ball 1-0: Called Strike 1-1: Ball 2-1: Foul Ball, location: 2F 2-2: Ground out 5-3 (Groundball, 56S, EV 68.1 MPH)
|
| Bottom of the 4th over - 0 runs, 0 hits, 0 errors, 0 left on base; Atlanta (MID) 3 - Hagerstown 0 |
| TOP OF THE 5TH |
|
Atlanta (MID) Braves batting - Pitching for Hagerstown Suns : RHP Jayden Taylor
|
|
Batting: RHB Gabe Allen
|
0-0: Ball 1-0: SINGLE (Flyball, 8LS, EV 94.4 MPH)
|
|
Batting: RHB Costantino Dolfini
|
0-0: Ball 1-0: Ball 2-0: Fielders Choice at 2nd, 3-6 (Groundball, 34S, EV 85.6 MPH)
|
|
Batting: RHB George Provance
|
0-0: Called Strike Costantino Dolfini steals 2nd base 0-1: Called Strike 0-2: Ball 1-2: Foul Ball, location: 2F 1-2: Fly out, F8 (Flyball, 78S, EV 86.2 MPH)
|
|
Batting: LHB Ricardo Sandoval
|
0-0: Intentional Walk
|
|
Batting: LHB Tamaichi Sasada
|
0-0: Foul Ball, location: 2F 0-1: Foul Ball, location: 2F 0-2: Foul Ball, location: 2F 0-2: Ball 1-2: Ball 2-2: Foul Ball, location: 2F 2-2: Ball 3-2: Base on Balls Costantino Dolfini to third Ricardo Sandoval to second
|
|
Batting: SHB Brett McEwen
|
0-0: Swinging Strike 0-1: Fly out, F7 (Flyball, 7, EV 97.5 MPH)
|
| Top of the 5th over - 0 runs, 1 hit, 0 errors, 3 left on base; Atlanta (MID) 3 - Hagerstown 0 |
| BOTTOM OF THE 5TH |
|
Hagerstown Suns batting - Pitching for Atlanta (MID) Braves : RHP Jimmy Loudner
|
|
Batting: RHB Alex Martinez
|
0-0: Ball 1-0: SINGLE (Groundball, 56D, EV 96.9 MPH)
|
|
Batting: RHB Steve Kunselman
|
0-0: Fielders Choice at 2nd, 4-6 (Groundball, 4MD, EV 103.1 MPH)
|
|
Batting: RHB Joe Simmelink
|
0-0: Grounds into double play, 6-4-3 (Groundball, 6, EV 103.1 MPH)
|
| Bottom of the 5th over - 0 runs, 1 hit, 0 errors, 0 left on base; Atlanta (MID) 3 - Hagerstown 0 |
| TOP OF THE 6TH |
|
Atlanta (MID) Braves batting - Pitching for Hagerstown Suns : RHP Jayden Taylor
|
|
Batting: RHB Josh McCormick
|
0-0: Ball 1-0: Called Strike 1-1: Ball 2-1: Called Strike 2-2: Foul Ball, location: 2F 2-2: Ground out 6-3 (Groundball, 6M, EV 93.8 MPH)
|
|
Pitching: RHP Steve Schneider
|
|
|
Batting: RHB Nick Holsinger
|
0-0: Swinging Strike 0-1: Fly out, F9 (Flyball, 89S, EV 93.1 MPH)
|
|
Batting: RHB Adonis Jenifer
|
0-0: Ball 1-0: Swinging Strike 1-1: Called Strike 1-2: Foul Ball, location: 2F 1-2: Ball 2-2: Foul Ball, location: 2F 2-2: Ball 3-2: Base on Balls
|
|
Batting: RHB Gabe Allen
|
0-0: Foul Ball, location: 2F 0-1: Foul Ball, location: 2F 0-2: SINGLE (Groundball, 56D, EV 99.4 MPH) Adonis Jenifer to second
|
|
Batting: RHB Costantino Dolfini
|
0-0: Called Strike 0-1: Ball 1-1: Foul Ball, location: 2F 1-2: Ball 2-2: Strikes out looking
|
| Top of the 6th over - 0 runs, 1 hit, 0 errors, 2 left on base; Atlanta (MID) 3 - Hagerstown 0 |
| BOTTOM OF THE 6TH |
|
Hagerstown Suns batting - Pitching for Atlanta (MID) Braves : RHP Jimmy Loudner
|
|
Batting: RHB Taffounnout Kame
|
0-0: Ball 1-0: Called Strike 1-1: Ground out 4-3 (Groundball, 4, EV 109.4 MPH)
|
|
Batting: RHB Xavier Reeves
|
0-0: Ball 1-0: Called Strike 1-1: Ball 2-1: Ball 3-1: Foul Ball, location: 2F 3-2: Foul Ball, location: 2F 3-2: Strikes out swinging
|
|
Batting: RHB Leo Gutierrez
|
0-0: Ball 1-0: Called Strike 1-1: Ground out 4-3 (Groundball, 4, EV 103.1 MPH)
|
| Bottom of the 6th over - 0 runs, 0 hits, 0 errors, 0 left on base; Atlanta (MID) 3 - Hagerstown 0 |
| TOP OF THE 7TH |
|
Atlanta (MID) Braves batting - Pitching for Hagerstown Suns : RHP Steve Schneider
|
|
Batting: RHB George Provance
|
0-0: Called Strike 0-1: Foul Ball, location: 2F 0-2: Ball 1-2: Foul Ball, location: 2F 1-2: Foul Ball, location: 2F 1-2: Foul Ball, location: 2F 1-2: Strikes out swinging
|
|
Batting: LHB Ricardo Sandoval
|
0-0: Called Strike 0-1: Foul Ball, location: 2F 0-2: Ball 1-2: Ball 2-2: Foul Ball, location: 2F 2-2: Ground out 4-3 (Groundball, 4S, EV 63.1 MPH)
|
|
Batting: LHB Tamaichi Sasada
|
0-0: Called Strike 0-1: SOLO HOME RUN (Flyball, 89XD, EV 105.0 MPH), Distance : 403 ft
|
|
Batting: SHB Brett McEwen
|
0-0: Fly out, F9 (Flyball, 89S, EV 80.6 MPH)
|
| Top of the 7th over - 1 run, 1 hit, 0 errors, 0 left on base; Atlanta (MID) 4 - Hagerstown 0 |
| BOTTOM OF THE 7TH |
|
Hagerstown Suns batting - Pitching for Atlanta (MID) Braves : RHP Jimmy Loudner
|
|
Batting: LHB Mike Hamilton
|
0-0: Foul Ball, location: 2F 0-1: Foul Ball, location: 2F 0-2: Foul Ball, location: 2F 0-2: Ball 1-2: Strikes out swinging
|
|
Batting: RHB Luis Vargas
|
0-0: Ball 1-0: Ball 2-0: Called Strike 2-1: Foul Ball, location: 2F 2-2: Strikes out swinging, 2-3 out at first.
|
|
Batting: RHB Aaron Bateman
|
0-0: Ball 1-0: Swinging Strike 1-1: SINGLE (Line Drive, 56, EV 95.0 MPH)
|
|
Batting: RHB Alex Martinez
|
0-0: Fly out, F9 (Line Drive, 9D, EV 85.6 MPH)
|
| Bottom of the 7th over - 0 runs, 1 hit, 0 errors, 1 left on base; Atlanta (MID) 4 - Hagerstown 0 |
| TOP OF THE 8TH |
|
Atlanta (MID) Braves batting - Pitching for Hagerstown Suns : RHP Steve Schneider
|
|
Pitching: RHP Joe Adelmann
|
|
|
Batting: RHB Josh McCormick
|
0-0: Swinging Strike 0-1: Called Strike 0-2: Strikes out swinging
|
|
Batting: RHB Nick Holsinger
|
0-0: Foul Ball, location: 2F 0-1: Ball 1-1: Swinging Strike 1-2: Ball 2-2: Ball 3-2: Fly out, F6 (Line Drive, 6, EV 70.0 MPH)
|
|
Batting: RHB Adonis Jenifer
|
0-0: Ball 1-0: Swinging Strike 1-1: Ball 2-1: Swinging Strike 2-2: Strikes out swinging
|
| Top of the 8th over - 0 runs, 0 hits, 0 errors, 0 left on base; Atlanta (MID) 4 - Hagerstown 0 |
| BOTTOM OF THE 8TH |
|
Hagerstown Suns batting - Pitching for Atlanta (MID) Braves : RHP Jimmy Loudner
|
|
Batting: RHB Steve Kunselman
|
0-0: Called Strike 0-1: Ground out 6-3 (Groundball, 6D, EV 98.1 MPH)
|
|
Pinch Hitting: LHB Chance McWilliams
|
0-0: Called Strike 0-1: Called Strike 0-2: Foul Ball, location: 2F 0-2: Strikes out swinging
|
|
Batting: RHB Taffounnout Kame
|
0-0: Foul Ball, location: 2F 0-1: Swinging Strike 0-2: Ball 1-2: Ball 2-2: Strikes out swinging
|
| Bottom of the 8th over - 0 runs, 0 hits, 0 errors, 0 left on base; Atlanta (MID) 4 - Hagerstown 0 |
| BOTTOM OF THE 9TH |
|
Hagerstown Suns batting - Pitching for Atlanta (MID) Braves : RHP Jimmy Loudner
|
|
Batting: RHB Xavier Reeves
|
0-0: Ball 1-0: Foul Ball, location: 2F 1-1: Ball 2-1: Called Strike 2-2: SINGLE (Line Drive, 34, EV 94.4 MPH)
|
|
Pitching: RHP Dan Spahn
|
|
|
Batting: RHB Leo Gutierrez
|
0-0: Called Strike 0-1: Fly out, F8 (Flyball, 8RD, EV 103.1 MPH)
|
|
Batting: LHB Mike Hamilton
|
0-0: Ball 1-0: Ball Wild Pitch! Xavier Reeves to second 2-0: Called Strike 2-1: Called Strike 2-2: Ball 3-2: Base on Balls
|
|
Batting: RHB Luis Vargas
|
0-0: Called Strike 0-1: Swinging Strike 0-2: Ball 1-2: SINGLE (Line Drive, 4MD, EV 96.9 MPH) Xavier Reeves to third Mike Hamilton to second
|
|
Pinch Hitting: LHB Diego Gutierres
|
0-0: Ball 1-0: Fly out, F5 (Popup, 5SF, EV 79.4 MPH)
|
|
Pinch Hitting: LHB Vince McLane
|
0-0: Called Strike 0-1: Ground out 4-3 (Groundball, 34, EV 103.1 MPH)
|
| Bottom of the 9th over - 0 runs, 2 hits, 0 errors, 3 left on base; Atlanta (MID) 5 - Hagerstown 0 |
|